 Dungeon Crawl Stone Soup version 0.14-a0-519-g334afa2 (webtiles) character file.

45 MackTheKnife the Twirler (level 3, 22/22 HPs)
             Began as a Tengu Gladiator on Nov 1, 2013.
             Got out of the dungeon alive.
             The game lasted 00:01:51 (1183 turns).

MackTheKnife the Twirler (Tengu Gladiator)          Turns: 1183, Time: 00:01:51

HP  22/22        AC  1     Str 15      XL: 3   Next: 37%
MP   2/2         EV 12     Int  8      God:
Gold 9           SH  0     Dex 15      Spells:  0 memorised,  2 levels left

Res.Fire  : . . .   See Invis. : .   a - +0 quarterstaff
Res.Cold  : . . .   Warding    : .   b - +0 leather armour
Life Prot.: . . .   Conserve   : .   (no shield)
Res.Poison: .       Res.Corr.  : .   c - +0 cap
Res.Elec. : .       Clarity    : .   (no cloak)
Sust.Abil.: . .     Spirit.Shd : .   (no gloves)
Res.Mut.  : .       Stasis     : .   (boots unavailable)
Res.Rott. : .       Flight     : .   (no amulet)
Saprovore : . . .                    (no ring)
                                     (no ring)

@: not resistant to hostile enchantments, unstealthy
A: beak, horns 1, talons 3, deformed body, fast metabolism 2, -10% mp
a: no special abilities


You escaped.
You were hungry.

You visited 1 branch of the dungeon, and saw 2 of its levels.

You collected 9 gold pieces.


Innate Abilities, Weirdness & Mutations

You have a beak for a mouth.
You have claws for feet.
You have a pair of small horns on your head.
Armour fits poorly on your strangely shaped body.
You have a very fast metabolism.
Your magical capacity is low (-10% MP).


   Skills:
 - Level 2.0 Fighting
 + Level 4.8 Staves
 - Level 2.1 Throwing
 - Level 3.2 Dodging


You had 2 spell levels left.
You didn't know any spells.

Inventory:

Hand weapons
 a - a +0,+0 quarterstaff (weapon)
Missiles
 d - 3 throwing nets (quivered)
Armour
 b - a +0 leather armour (worn)
 c - a +0 cap (worn)
Comestibles
 f - a bread ration
Scrolls
 e - 2 scrolls of fear {unknown}
 g - 3 scrolls of identify
 h - a scroll of recharging {unknown}
 k - a scroll of random uselessness {unknown}
 l - a scroll of fog {unknown}
 n - a scroll of teleportation {unknown}
Potions
 j - a potion of blood {unknown}
 m - a potion of agility {unknown}
 o - a potion of invisibility {unknown}

·▒▒▒·▒ ▒'▒ ▒·▒
▒····▒▒▒▒▒▒▒▒▒▒▒·▒▒▒▒ ▒·▒
·▒▒▒·······▒▒·%··h'·▒ ▒·▒
▒▒▒··▒▒▒▒▒·▒▒▒▒▒·▒▒▒▒ ▒▒▒·▒▒▒
·······)···▒▒·'···%·▒ ▒·····▒
▒▒▒▒·▒▒▒▒▒·▒▒▒▒▒h▒▒▒▒ ▒▒·····▒ ▒
▒········▒·'···'·▒ ▒······▒▒ ▒
▒·▒▒▒▒▒··▒▒▒▒h▒▒▒▒▒▒▒▒······▒▒ ▒
▒········▒·'·H·'··············
▒▒▒▒·▒▒▒▒▒··▒▒▒▒·▒▒▒▒▒▒▒▒·▒▒▒▒▒▒▒
············▒·'···'·▒ ▒·▒
▒▒▒▒·▒▒▒▒▒··▒▒▒▒·▒▒▒▒ ▒·▒ ▒
▒········▒·'···'·▒ ▒·▒ ▒
▒▒▒·▒····▒▒▒▒·▒▒▒▒▒▒▒▒·▒▒▒▒▒▒▒
▒▒▒▒▒▒·▒·▒▒▒▒·'···'·▒···········▒
····▒▒·▒·▒ ▒▒▒▒·▒▒▒▒▒▒▒▒▒·▒▒▒▒·▒
▒▒▒·▒▒·▒·▒ ▒'▒ ▒▒▒····▒·▒


You could see 3 jackals.


Message History

You climb downwards.
Found an escape hatch in the ceiling.
There is a stone staircase leading up here.
Read which item? (? for menu, Esc to quit)
Okay, then.
Read which item? (? for menu, Esc to quit)
As you read the scroll labeled GULINI MUJUAGU, it crumbles to dust.
Use on which item? (\ to view known items) (? for menu, Esc to quit)
i - 2 potions of mutation It was a scroll of identify.
Drink which item? (? for menu, Esc to quit)
Really quaff
i - 2 potions of mutation {!q}?
You feel extremely strange.
You feel a little hungry.
Drink which item? (? for menu, Esc to quit)
Really quaff
i - a potion of mutation {!q}?
You feel extremely strange.
You feel less energetic.
Your body twists and deforms.
A pair of horns grows on your head!
There is an escape hatch in the ceiling here.
A mysterious force pulls you upwards. The hatch slams shut behind you.
There is an open door here. 2 jackals come into view.
The jackal barks!
The jackal moves out of view.
You can't go up here!
A jackal comes into view.
There is a staircase leading out of the dungeon here.
Are you sure you want to leave the Dungeon?
This will make you lose the game!
You have escaped!

Action                   || total
-------------------------++-------
Melee: Quarterstaff      ||    65
  Use: Potion            ||     2
       Scroll            ||     1

Vault maps used:
D:1:      onia_entry_larder, minmay_misc_feat_more_columns,
          minmay_misc_feat_rows
D:2:      nicolae_overflow_hidden_temple

Notes
Turn   | Place    | Note
--------------------------------------------------------------
     0 | D:1      | MackTheKnife, the Tengu Gladiator, began the quest for the Orb.
     0 | D:1      | Reached XP level 1. HP: 13/13 MP: 0/0
   131 | D:1      | Reached XP level 2. HP: 15/18 MP: 2/2
   221 | D:1      | Reached skill level 4 in Staves
   571 | D:1      | Reached XP level 3. HP: 12/22 MP: 3/3
  1150 | D:2      | Gained mutation: You have a fast metabolism. [potion of mutation]
  1150 | D:2      | Gained mutation: You have a very fast metabolism. [potion of mutation]
  1151 | D:2      | Gained mutation: Your magical capacity is low (-10% MP). [potion of mutation]
  1151 | D:2      | Gained mutation: Armour fits poorly on your strangely shaped body. [potion of mutation]
  1151 | D:2      | Gained mutation: You have a pair of small horns on your head. [potion of mutation]
  1183 | D:$      | Got out of the dungeon alive.

Vanquished Creatures
  2 giant cockroaches (D:1)
  9 hobgoblins (D:1)
  3 jackals (D:1)
  2 bats (D:1)
  A giant newt (D:1)
  4 goblins (D:1)
  4 kobolds (D:1)
  8 rats (D:1)
33 creatures vanquished.
